 Dungeon Crawl Stone Soup version 0.22-a0-322-g60b3cfd (webtiles) character file.

128 Cattac the Sneak (level 4, -1/23 HPs)
             Began as a Spriggan Enchanter on Apr 2, 2018.
             Killed from afar by an orc wizard (4 damage)
             ... with a magic dart
             ... on level 4 of the Dungeon on Apr 3, 2018.
             The game lasted 00:39:14 (3896 turns).

Cattac the Sneak (Spriggan Enchanter)               Turns: 3896, Time: 00:39:14

Health: -1/23      AC:  3    Str:  5    XL:     4   Next: 87%
Magic:  3/9        EV: 19    Int: 16    God:
Gold:   161        SH:  0    Dex: 16    Spells: 3/9 levels left

rFire    . . .     SeeInvis +   a - +1 dagger
rCold    . . .     Gourm    .   (shield restricted)
rNeg     . . .     Faith    .   b - +0 robe
rPois    .         Spirit   .   (helmet restricted)
rElec    .         Reflect  .   n - +0 cloak
rCorr    .         Harm     .   (gloves unavailable)
MR       .....                  (boots unavailable)
Stlth    +++.......             (no amulet)
HPRegen  0.07/turn              (no ring)
MPRegen  0.11/turn              (no ring)

@: very slightly contaminated, very quick
A: very small, unfitting armour, see invisible, herbivore, speed 3, slow
metabolism 2
a: no special abilities


You were on level 4 of the Dungeon.
You were not hungry.

You visited 1 branch of the dungeon, and saw 4 of its levels.

You collected 161 gold pieces.

Inventory:

Hand Weapons
 a - a +1 dagger (weapon)
Missiles
 e - 5 tomahawks (quivered)
Armour
 b - a +0 robe (worn)
 n - a +0 cloak (worn)
Wands
 p - a wand of acid (8)
 r - a wand of enslavement (17)
Scrolls
 c - a scroll of remove curse {unknown}
 f - a scroll of noise
 g - a scroll of blinking
 h - a scroll of amnesia {unknown}
 j - 2 scrolls of teleportation {unknown}
 l - a scroll of enchant weapon {unknown}
 q - a scroll of identify
 s - 2 scrolls of fog {unknown}
 w - a scroll of random uselessness {unknown}
Potions
 i - 2 potions of agility
 k - 2 potions of might
 m - a potion of invisibility {unknown}
 o - a potion of degeneration {unknown}
 t - a potion of haste
 u - a potion of lignification {unknown}
 v - 2 potions of mutation
 x - a potion of ambrosia {unknown}
 z - a potion of curing {unknown}
Comestibles
 d - 4 rations


   Skills:
 * Level 1.9 Fighting
 + Level 2.4 Short Blades
 - Level 3.6 Dodging
 + Level 5.5 Stealth
 - Level 3.1 Spellcasting
 - Level 4.1 Hexes


You had 3 spell levels left.
You knew the following spells:

 Your Spells              Type           Power        Failure   Level  Hunger
a - Corona                Hex            ###....      3%          1    None
b - Confuse               Hex            ###.....     11%         3    ###....
c - Ensorcelled Hibernat  Hex/Ice        #.....       12%         2    ##.....


Dungeon Overview and Level Annotations

Branches:
Dungeon (4/15)
 Temple: D:4-7

Altars:
Fedhas
Trog


Innate Abilities, Weirdness & Mutations

You are very small and have problems with some larger weapons.
You are too small for most types of armour.
You have supernaturally acute eyesight. (SInv)
You are a herbivore.
You cover ground extremely quickly.
You need to consume almost no food.


Message History

Evoke which item? (* to show all) (? for menu, Esc to quit)
Aiming: Enslavement
Press: ? - help, Shift-Dir - straight line, f - orc wizard
Aim: an orc wizard, wielding a dagger and wearing a robe (chance to defeat MR: 46%)
The orc wizard resists with some effort.
You hit the orc wizard.
The orc wizard is moderately wounded.
The orc wizard gestures at you while chanting.
The magic dart hits you!
* * * LOW HITPOINT WARNING * * *
Blink to where?
Press: ? - help, Dir - move target cursor, p - orc wizard You are very lightly contaminated with residual magic.
As you read the scroll of blinking, it crumbles to dust.
There is an open door here.
There is an open door here.
An orc wizard is nearby!
The orc wizard points at you and mumbles some strange words.
The magic dart hits you!
You die...

.#....#.....##..##....####
.#....#.....#....'....#
.#....'.....#...o#....#
.#....#.....#..>.#o...#
.#....##....###..#....###+
##.....########..#[.......
#.....#.........#........
#.....#.........#........
#.....#........@#........
#.....#.........'........
#.....#.........#........
#.....#####.#####........
######....## #####....
#....# .... #....# ...
#....# .. ######


You could see an orc wizard.

Vanquished Creatures
  4 adders
  A worm (D:3)
  4 dart slugs (D:1)
  3 leopard geckos
  5 orcs
  2 ball pythons (D:3)
  6 bats
  7 giant cockroaches
  9 goblins
  2 hobgoblins (D:3)
  7 jackals (D:4)
  7 kobolds
  A quokka (D:2)
  4 frilled lizards
  A quokka skeleton (D:4)
  4 rats (D:1)
67 creatures vanquished.

Notes
Turn   | Place    | Note
-------+----------+-------------------------------------------
     0 | D:1      | Cattac the Spriggan Enchanter began the quest for the Orb.
     0 | D:1      | Reached XP level 1. HP: 9/9 MP: 5/5
   169 | D:1      | Reached XP level 2. HP: 13/13 MP: 6/6
  1001 | D:1      | Reached XP level 3. HP: 10/17 MP: 8/8
  1280 | D:2      | Learned a level 3 spell: Confuse
  1582 | D:2      | Learned a level 2 spell: Ensorcelled Hibernation
  2272 | D:2      | Reached skill level 5 in Stealth
  2413 | D:3      | Found a blossoming altar of Fedhas.
  2485 | D:3      | Reached skill level 1 in Fighting
  2652 | D:3      | Reached XP level 4. HP: 22/22 MP: 0/9
  2759 | D:3      | Found a bloodstained altar of Trog.
  3896 | D:4      | Killed from afar by an orc wizard

Vault maps used:
D:1:      nzn_arrival_settlement, minmay_tromino_v7
D:2:      serial_co_window_serial, co_window_of_opportunity_a,
          co_window_corner_a, co_window_corner_a, co_window_corner_a,
          co_window_of_opportunity_a, co_window_broadway_b,
          co_window_unsneaky_path_e, co_window_corner_ca,
          co_window_of_opportunity_b, glass_columns_a, glass_columns_a,
          glass_columns_b, glass_columns_b, glass_columns_a, dk_noncrumbling_4,
          kennysheep_nub, corexii_hall_statues_u
D:3:      lightli_temple_of_fire, first_ration, fedhas_altar_4
D:4:      temple_fountains, uniq_ijyb

Skill      XL: |  1  2  3 |
---------------+----------+-----
Spellcasting   | 3 |  3.1
Hexes          | 4 |  4.1
Stealth        | 5 |  5.5
Fighting       | 1 |  1.9
Short Blades   | 2 |  2.4
Dodging        | |  3.6

Action                   |  1- 3 |  4- 6 || total
-------------------------+-------+-------++-------
Melee: Dagger            |   147 |    92 ||   239
Throw: Tomahawk          |     9 |       ||     9
 Cast: Corona            |     2 |       ||     2
       Ensorcelled Hiber |    14 |    29 ||    43
       Confuse           |     3 |     1 ||     4
Evoke: Wand              |       |     1 ||     1
  Use: Scroll            |     1 |     4 ||     5
       Potion            |       |     1 ||     1
 Stab: Sleeping          |    14 |    19 ||    33
       Confused          |       |     1 ||     1
  Eat: Ration            |       |     2 ||     2
Armor: Robe              |    18 |    10 ||    28
Dodge: Dodged            |   130 |    81 ||   211

Table legend:
 A = Spawn XP
 B = Non-spawn XP
 C = Spawn XP percentage of total XP
 D = Spawn monster count
 E = Non-spawn monster count
 F = Spawn count percentage of total count
 G = Total turns spent on level
                    A         B        C        D         E        F      G
               +---------+---------+-------+---------+---------+-------+---------
         Total |       0 |     184 |   0.0 |       0 |      67 |   0.0 |  3896
               +---------+---------+-------+---------+---------+-------+---------
           D:1 |       0 |      42 |   0.0 |       0 |      20 |   0.0 |  1104
           D:2 |       0 |      35 |   0.0 |       0 |      12 |   0.0 |  1297
           D:3 |       0 |      57 |   0.0 |       0 |      22 |   0.0 |   931
           D:4 |       0 |      50 |   0.0 |       0 |      13 |   0.0 |   564
               +---------+---------+-------+---------+---------+-------+---------
